 Dungeon Crawl Stone Soup version 0.31-a0-441-g867994ef1c (webtiles) character file.

Game seed: 5740240370692489668

36 arthad the Cutter (level 3, 0/25 HPs)
             Began as a Gnoll Wanderer on Aug 2, 2023.
             Slain by Grinder (5 damage)
             ... on level 3 of the Dungeon.
             The game lasted 00:01:56 (1452 turns).

arthad the Cutter (Gnoll Wanderer)                  Turns: 1452, Time: 00:01:57

Health: 0/25       AC:  2    Str: 11    XL:     3   Next: 37%
Magic:  4/4        EV: 12    Int:  9    God:
Gold:   89         SH:  5    Dex: 15    Spells: 3/3 levels left

rFire   . . .        a - +2 short sword
rCold   . . .        c - +0 buckler
rNeg    . . .        e - +0 robe
rPois   .            (no helmet)
rElec   .            (no cloak)
rCorr   .            (no gloves)
SInv    .            (no boots)
Will    .....        (no amulet)
Stlth   ++           (no ring)
HPRegen 0.24/turn    (no ring)
MPRegen 0.09/turn

%: no passive effects
@: no status effects
A: fangs 1, strong nose, distributed training
a: no special abilities


You were on level 3 of the Dungeon.
You visited 1 branch of the dungeon, and saw 3 of its levels.

You collected 89 gold pieces.

Inventory:

Hand Weapons
 a - a +2 short sword (weapon)
 b - a +0 quarterstaff
 g - a +1 vampiric spear
Armour
 c - a +0 buckler (worn)
 e - a +0 robe (worn)
Magical Staves
 i - a staff of cold
Scrolls
 f - 2 scrolls of teleportation {unknown}
 j - 2 scrolls of identify {unknown}
 k - a scroll of blinking {unknown}
Potions
 d - a potion of lignification
 h - a potion of enlightenment {unknown}


   Skills:
 + Level 0.8 Fighting
 + Level 6.5 Short Blades
 + Level 0.8 Long Blades
 + Level 0.8 Axes
 + Level 0.8 Maces & Flails
 + Level 0.8 Polearms
 + Level 2.6 Staves
 + Level 0.8 Ranged Weapons
 + Level 0.8 Throwing
 + Level 4.5 Armour
 + Level 2.6 Dodging
 + Level 2.4 Stealth
 + Level 4.5 Shields
 + Level 0.8 Unarmed Combat
 + Level 0.8 Spellcasting
 + Level 0.5 Conjurations
 + Level 0.5 Hexes
 + Level 0.5 Summonings
 + Level 0.5 Necromancy
 + Level 0.5 Translocations
 + Level 0.5 Transmutations
 + Level 0.5 Fire Magic
 + Level 0.5 Ice Magic
 + Level 0.5 Air Magic
 + Level 0.5 Earth Magic
 + Level 0.5 Poison Magic
 + Level 1.0 Invocations
 + Level 0.8 Evocations
 + Level 0.5 Shapeshifting


You had 3 spell levels left.
You didn't know any spells.
Your spell library contained the following spells:

 Spells                   Type           Power      Damage    Failure   Level
 Poisonous Vapours        Pois/Air       2%         N/A       52%         2
 Mephitic Cloud           Conj/Pois/Air  1%         N/A       77%         3
 Freezing Cloud           Conj/Ice/Air   0%         6-21      100%        5


Dungeon Overview and Level Annotations

Branches:
Dungeon (3/15)

Altars:

Annotations:
D:3 Grinder


Innate Abilities, Weirdness & Mutations

You have very sharp teeth.
Your uncanny sense of smell can sniff out nearby items.
Your experience applies equally to all skills.


Message History

You resist with significant effort.
The goblin shouts!
You hit the quokka but do no damage.
You hear an angry hiss.
An adder comes into view.
You block the quokka's attack.
You closely miss the quokka.
The orc wizard mumbles some strange words.
The orc wizard flickers and vanishes!
Deactivating autopickup; reactivate with Ctrl-A.
The quokka bites you.
You hear a shout!
You hit the quokka.
You kill the quokka!
A puff of flame appears from out of thin air!
You block the puff of flame.
A hobgoblin comes into view.
Grinder says, "There's only one good use for a tongue: cutting it out."
Grinder blinks!
Your Invocations skill increases to level 1!
Grinder gestures at you.
You suddenly lose the ability to move!
Grinder gestures at you. Pain shoots through your body!
The goblin hits you with a +0 dagger.
You can move again.
Unknown command. 3 orcs come into view.
The orc shouts!
Grinder blinks!
The adder barely misses you.
The orc moves out of view.
The adder attacks as you move away! You block the adder's attack.
A magic dart appears from out of thin air!
The magic dart hits you!
* * * LOW HITPOINT WARNING * * *
The goblin barely misses you. Grinder attacks as you move away!
You block Grinder's attack. The goblin attacks as you move away!
The goblin misses you. Grinder attacks as you move away! Grinder hits you.
* * * LOW HITPOINT WARNING * * *
You writhe in agony.
You die...

#.#.........#
#.#########.##
#.# #..## #.#
#...## #.#
#....## #.#
#.....# #.#
#####'### ##.#
#.#.###+++#
<..#
##@#.g......
####
#.5Sg.......
#.†.........
#...........
#......##...
#......# .o
#......# .
#......#
##.#####


You could see Grinder, an adder and a goblin.

Vanquished Creatures
  A dart slug (D:1)
  6 ball pythons
  4 endoplasms
  A giant cockroach (D:1)
  5 goblins
  A hobgoblin (D:1)
  2 quokkas
  3 bats
  2 frilled lizards (D:1)
  2 kobolds (D:1)
  5 rats (D:1)
32 creatures vanquished.

Notes
Turn   | Place    | Note
-------+----------+-------------------------------------------
     0 | D:1      | arthad the Gnoll Wanderer began the quest for the Orb.
     0 | D:1      | arthad set off with the following items: a +2 short sword,
                  | a +0 quarterstaff, a +0 buckler, a potion of lignification,
                  | a +0 robe.
     0 | D:1      | Reached XP level 1. HP: 13/13 MP: 1/1
   143 | D:1      | Reached XP level 2. HP: 15/19 MP: 2/2
   484 | D:1      | Reached XP level 3. HP: 21/25 MP: 3/3
  1345 | D:2      | Found a faded altar of an unknown god.
  1345 | D:2      | Noticed a chaos spawn
  1441 | D:3      | Noticed Grinder
  1447 | D:3      | Reached skill level 1 in Invocations
  1447 | D:3      | Paralysed by Grinder for 2 turns
  1452 | D:3      | Slain by Grinder

Illustrated notes

Levels and vault maps discovered:
D:1:      dpeg_arrival_tiny_e, layout_basic
D:2:      layout_rooms, dreamdust_ecumenical_altar_sealed_demon
D:3:      minmay_door_path, layout_basic, minitemple, kennysheep_donut,
          kennysheep_cross_room, minmay_randomly_rotated_circles, uniq_grinder

Skill      XL: |  1  2  3 |
---------------+----------+-----
Invocations    | 1 |  1.0
Fighting       | |  0.8
Short Blades   | |  6.5
Long Blades    | |  0.8
Axes           | |  0.8
Maces & Flails | |  0.8
Polearms       | |  0.8
Staves         | |  2.6
Ranged Weapons | |  0.8
Throwing       | |  0.8
Armour         | |  4.5
Dodging        | |  2.6
Stealth        | |  2.4
Shields        | |  4.5
Unarmed Combat | |  0.8
Spellcasting   | |  0.8
Conjurations   | |  0.5
Hexes          | |  0.5
Summonings     | |  0.5
Necromancy     | |  0.5
Translocations | |  0.5
Transmutations | |  0.5
Fire Magic     | |  0.5
Ice Magic      | |  0.5
Air Magic      | |  0.5
Earth Magic    | |  0.5
Poison Magic   | |  0.5
Evocations     | |  0.8
Shapeshifting  | |  0.5

Action                     || total
---------------------------++-------
  Melee: Short sword       ||    83
         Bite              ||     5
   Stab: Sleeping          ||    11
 Armour: Robe              ||     8
  Dodge: Dodged            ||    30
  Block: Buckler           ||    13

Table legend: (Time is in decaauts)
 A = Elapsed time spent in this place.
 B = Non-inter-level travel time spent in this place.
 C = Inter-level travel time spent in this place.
 D = Time resting spent in this place.
 E = Time spent auto-exploring this place.
 F = Levels seen in this place.
 G = Mean time per level.
                   A        B        C        D        E       F      G
               +--------+--------+--------+--------+--------+-----+--------+
         Total |   1429 |   1390 |     39 |      0 |   1172 |   3 |  476.3 |
       Dungeon |   1429 |   1390 |     39 |      0 |   1172 |   3 |  476.3 |
               +--------+--------+--------+--------+--------+-----+--------+

Top non-repeatable levels by time:
     D:1: 910 daAuts
     D:2: 439 daAuts
     D:3: 79 daAuts
